 Dungeon Crawl Stone Soup version 0.19.0-19-g8c6edcc (webtiles) character file.

85 tizzy the Chopper (level 4, -3/49 HPs)
             Began as a Demonspawn Gladiator on Nov 15, 2016.
             Killed from afar by an orc wizard (8 damage)
             ... with a puff of flame
             ... on level 3 of the Dungeon.
             The game lasted 00:02:51 (1638 turns).

tizzy the Chopper (Demonspawn Gladiator)            Turns: 1638, Time: 00:02:51

Health: -3/49      AC: 22    Str: 16    XL:     4   Next: 25%
Magic:  4/4        EV:  2    Int: 10    God:
Gold:   176        SH:  0    Dex: 18    Spells: 0 memorised, 3 levels left

rFire  . . .     SeeInvis .     a - +0 war axe
rCold  . . .     Gourm    .     (armour currently unavailable)
rNeg   + + +     Faith    .     (no shield)
rPois  +         Spirit   .     (helmet currently unavailable)
rElec  .         Reflect  .     (cloak currently unavailable)
rCorr  .         Harm     .     (gloves currently unavailable)
MR     .....     NoTele   +     (boots currently unavailable)
Stlth  +++.......               (no amulet)
                                (no ring)
                                (no ring)

@: agile, tree-form
A: (icy blue scales 0), powered by death 1
a: no special abilities


You were on level 3 of the Dungeon.
You were hungry.
You were a tree.
You visited 1 branch of the dungeon, and saw 3 of its levels.

You collected 176 gold pieces.

Inventory:

Hand Weapons
 a - a +0 war axe (weapon)
Missiles
 d - 2 throwing nets (quivered)
Armour
 b - a +0 leather armour (melded)
 c - a +0 helmet (melded)
Jewellery
 n - an uncursed amulet of the gourmand {unknown}
Scrolls
 e - 4 scrolls of identify {unknown}
 g - a scroll of fear {unknown}
 j - a scroll of recharging {unknown}
 k - a scroll of enchant weapon {unknown}
 l - a scroll of enchant armour {unknown}
 m - 2 scrolls of teleportation {unknown}
 r - a scroll of magic mapping {unknown}
 s - a scroll of random uselessness {unknown}
Potions
 i - a potion of degeneration {unknown}
Comestibles
 f - a bread ration


   Skills:
 - Level 2.0 Fighting
 * Level 4.6 Axes
 - Level 1.7 Throwing
 - Level 2.6 Dodging


You had 3 spell levels left.
You didn't know any spells.

Dungeon Overview and Level Annotations

Branches:
Dungeon (3/15)

Altars:


Innate Abilities, Weirdness & Mutations

((You are partially covered in icy blue scales. (AC +2)))
You regenerate a little health from kills.


Message History

You hear some strange, mumbled words.
A magic dart appears from out of thin air!
The magic dart hits you!
* * * LOW HITPOINT WARNING * * *
Something wriggles in the net.
All of a sudden the net rips apart!
It was a potion of cure mutation.
It has a very clean taste.
The rat twitches its whiskers.
It was a potion of lignification.
You turn into a tree.
Your +0 helmet melds into your body.
Your +0 leather armour melds into your body.
Your roots penetrate the ground.
Something hits you but does no damage.
It was a potion of agility.
You feel agile all of a sudden.
An orc wizard appears from thin air!
Reactivating autopickup.
The orc wizard barely misses you.
It was a potion of flight.
Your roots keep you in place.
The orc wizard casts a spell at you. The puff of flame hits you!
You die...

######## # #....... ###. #####
#.###### ....##########...#
#.#
###......KKro♣...######†######
#.......######........).......
#.......# #..####.########.
#.......# #..# #.# #.
#.......# #..# #.# ######.
....<....# #..####.###...##.
o....[...# ###..##.........##.
##.....(.# #...............##.
##....................#...###.


You could see an orc wizard, 2 kobolds and a rat.

Vanquished Creatures
  Natasha (D:3)
  An adder (D:2)
  3 worms
  2 dart slugs
  2 leopard geckos
  An orc (D:3)
  3 giant cockroaches
  3 hobgoblins
  3 jackals (D:1)
  A quokka (D:3)
  A ball python (D:2)
  7 bats
  2 frilled lizards (D:2)
  6 kobolds
  2 rats
38 creatures vanquished.

Notes
Turn   | Place    | Note
-------+----------+-------------------------------------------
     0 | D:1      | tizzy the Demonspawn Gladiator began the quest for the Orb.
     0 | D:1      | Reached XP level 1. HP: 16/16 MP: 1/1
   244 | D:1      | Reached skill level 3 in Axes
   394 | D:1      | Gained mutation: You are partially covered in icy blue scales. (AC +2) [demonic ancestry]
   394 | D:1      | Reached XP level 2. HP: 22/22 MP: 2/2
  1029 | D:2      | Reached XP level 3. HP: 20/27 MP: 3/3
  1100 | D:2      | Reached skill level 4 in Axes
  1322 | D:3      | Noticed Natasha
  1328 | D:3      | Killed Natasha
  1328 | D:3      | Gained mutation: You regenerate a little health from kills. [demonic ancestry]
  1328 | D:3      | Reached XP level 4. HP: 20/33 MP: 4/4
  1638 | D:3      | Killed from afar by an orc wizard

Skill      XL: |  1  2  3 |
---------------+----------+-----
Axes           | 3 4 |  4.6
Fighting       | |  2.0
Throwing       | |  1.7
Dodging        | |  2.6

Action                   |  1- 3 |  4- 6 || total
-------------------------+-------+-------++-------
Melee: War axe           |   118 |    23 ||   141
Throw: Throwing net      |     1 |     1 ||     2
  Use: Potion            |       |     4 ||     4
 Stab: Held in net/web   |     1 |       ||     1
  Eat: Chunk             |     2 |       ||     2
Armor: Leather armour    |    52 |    15 ||    67
       Skin              |       |     1 ||     1
Dodge: Dodged            |    94 |    13 ||   107
